[Event "ICC tourney 2601 (40 5)"]
[Site "Internet Chess Club"]
[Date "2021.06.12"]
[Round "1"]
[White "LIN, CARL:K01-17110834"]
[Black "YU, YANG:K01-30094337"]
[Result "0-1"]
[ICCResult "White checkmated"]
[WhiteElo "313"]
[BlackElo "981"]
[Opening "Sicilian: Najdorf, Byrne (English) attack"]
[ECO "B90"]
[NIC "SI.14"]
[Time "11:03:30"]
[PlyCount "90"]
[TimeControl "2400+5"]

1. e4 c5 2. Nf3 d6 3. d4 cxd4 4. Nxd4 Nf6 5. Nc3 a6 6. Be3 e5 7. Nf3 Nc6 8.
Bc4 Be6 9. Bb3 Be7 10. O-O O-O 11. Qd2 Rc8 12. Rfd1 Re8 13. Qe2 Qd7 14. Na4
Qc7 15. Bb6 Qb8 16. Rac1 Red8 17. Bxd8 Rxd8 18. Bxe6 fxe6 19. Qc4 d5 20.
exd5 exd5 21. Qb3 b5 22. Nc3 Qd6 23. Rd2 Na5 24. Qa3 Qxa3 25. bxa3 Bxa3 26.
Rcd1 e4 27. Nd4 Bb4 28. Nde2 Nc4 29. Rd4 Bc5 30. Rxc4 bxc4 31. Nf4 d4 32.
Nce2 d3 33. cxd3 exd3 34. Ng3 c3 35. Ne6 c2 36. Rf1 d2 37. Nxd8 d1=Q 38.
Ne6 Qxf1+ 39. Nxf1 c1=Q 40. Nxc5 Qxc5 41. a4 Ng4 42. Ne3 Qc1+ 43. Nf1 Qe1
44. h3 Qxf2+ 45. Kh1 Qxf1# { White checkmated } 0-1

[Event "ICC tourney 2601 (40 5)"]
[Site "Internet Chess Club"]
[Date "2021.06.12"]
[Round "1"]
[White "XU, OWEN:K01-30020820"]
[Black "MARTIN, CHARLOTTE LI:K01-30136112"]
[Result "1-0"]
[ICCResult "Black checkmated"]
[WhiteElo "1127"]
[BlackElo "631"]
[Opening "Ruy Lopez: 5.O-O"]
[ECO "C78"]
[NIC "RL.12"]
[Time "11:04:25"]
[PlyCount "77"]
[TimeControl "2400+5"]

1. e4 e5 2. Nf3 Nc6 3. Bb5 a6 4. Ba4 Nf6 5. O-O b5 6. Bb3 Bc5 7. c3 d6 8.
d4 Bb6 9. a4 Bb7 10. axb5 axb5 11. Rxa8 Qxa8 12. d5 Na5 13. Bc2 O-O 14. Na3
Qe8 15. Bd3 Ba6 16. Qe2 Bb7 17. Bxb5 Qc8 18. b4 Nb3 19. Bg5 Qd8 20. Qc2 h6
21. Bxf6 Qxf6 22. Qxb3 Qf4 23. Bd3 c5 24. bxc5 dxc5 25. Qxb6 Bc8 26. Qxc5
Bg4 27. Qe3 Qf6 28. h3 Bd7 29. c4 Qf4 30. Qxf4 exf4 31. c5 Ra8 32. Nc4 Rc8
33. c6 Be8 34. Nd6 Rd8 35. Nxe8 Rxe8 36. c7 Rc8 37. d6 Kf8 38. d7 Rxc7 39.
d8=Q# { Black checkmated } 1-0

[Event "ICC tourney 2601 (40 5)"]
[Site "Internet Chess Club"]
[Date "2021.06.12"]
[Round "1"]
[White "ZOU, ANDREW:K01-30100762"]
[Black "CHANG, ANDREW:K01-30098602"]
[Result "1-0"]
[ICCResult "Black checkmated"]
[WhiteElo "1301"]
[BlackElo "774"]
[Opening "Scandinavian (center counter) defense"]
[ECO "B01"]
[NIC "SD.01"]
[Time "11:03:48"]
[PlyCount "39"]
[TimeControl "2400+5"]

1. e4 d5 2. exd5 Qxd5 3. Nc3 Qa5 4. d4 Nf6 5. Nf3 Bg4 6. Be2 Nc6 7. O-O
O-O-O 8. Be3 Qh5 9. h3 Bxf3 10. Bxf3 Qg6 11. Bxc6 bxc6 12. Qe2 Kb7 13. Rad1
h5 14. Na4 e6 15. Rd3 Qh7 16. Rb3+ Ka8 17. Qa6 Bb4 18. Qxc6+ Kb8 19. Nc5
Rd6 20. Qb7# { Black checkmated } 1-0

[Event "ICC tourney 2601 (40 5)"]
[Site "Internet Chess Club"]
[Date "2021.06.12"]
[Round "1"]
[White "YE, WANRU:K01-30135407"]
[Black "HANKE, HARVEY:K01-17137475"]
[Result "0-1"]
[ICCResult "White checkmated"]
[WhiteElo "684"]
[BlackElo "1132"]
[Opening "Giuoco Pianissimo: Italian four knights variation"]
[ECO "C50"]
[NIC "IG.02"]
[Time "11:03:38"]
[PlyCount "84"]
[TimeControl "2400+5"]

1. e4 e5 2. Bc4 Nc6 3. Nf3 Bc5 4. Nc3 Nf6 5. d3 h6 6. h3 d6 7. Bd2 Be6 8.
Bxe6 fxe6 9. O-O O-O 10. Qe2 a6 11. a3 Qe8 12. Rad1 Nh5 13. Rfe1 Ng3 14.
Qe3 Bxe3 15. Rxe3 Nh5 16. Rde1 Nf4 17. Nh4 Qh5 18. Nf3 Nxh3+ 19. gxh3 Rxf3
20. Rxf3 Qxf3 21. Re3 Qh5 22. Rg3 Kh7 23. Be3 Nd4 24. Bxd4 exd4 25. Na2
Qd1+ 26. Kg2 Qxc2 27. Nb4 Qxb2 28. Rg4 a5 29. Nd5 exd5 30. exd5 Qxa3 31.
Rg3 Qc5 32. Kh2 Qxd5 33. f4 a4 34. Rg1 a3 35. Ra1 a2 36. Kg3 Qb3 37. Kg4
Qb2 38. Rf1 Qg2+ 39. Kh4 Qxf1 40. Kg4 a1=Q 41. f5 Qad1+ 42. Kh4 Qf2# {
White checkmated } 0-1

[Event "ICC tourney 2601 (40 5)"]
[Site "Internet Chess Club"]
[Date "2021.06.12"]
[Round "1"]
[White "ZHAO, ERICA:K01-17156172"]
[Black "YANG, LUCAS:K01-16740405"]
[Result "0-1"]
[ICCResult "White checkmated"]
[WhiteElo "463"]
[BlackElo "1049"]
[Opening "two knights defense"]
[ECO "C58"]
[NIC "KP.01"]
[Time "11:03:39"]
[PlyCount "72"]
[TimeControl "2400+5"]

1. e4 e5 2. Nf3 Nc6 3. Bc4 Nf6 4. Ng5 d5 5. exd5 Na5 6. Nc3 Nxc4 7. d3 Nb6
8. Qf3 Bg4 9. Qe3 Bd6 10. h3 Bh5 11. g4 Bg6 12. Qf3 h6 13. Nge4 Nxe4 14.
Nxe4 Bb4+ 15. c3 Be7 16. Be3 Nxd5 17. c4 Nxe3 18. Qxe3 Bb4+ 19. Nc3 O-O 20.
O-O-O Re8 21. Rhe1 Be7 22. Qxe5 Bg5+ 23. Qe3 Rxe3 24. fxe3 Qd6 25. Ne4 Bxe4
26. dxe4 Qb6 27. Rd3 Qb4 28. Rc3 Bf6 29. e5 Bxe5 30. Kd2 Qxb2+ 31. Rc2 Rd8+
32. Ke2 Qxc2+ 33. Kf3 Rd2 34. Rf1 Qxc4 35. Rb1 Qd5+ 36. e4 Qd3# { White
checkmated } 0-1

[Event "ICC tourney 2601 (40 5)"]
[Site "Internet Chess Club"]
[Date "2021.06.12"]
[Round "1"]
[White "DANCIG PERLMAN, GOGO:K01-17151222"]
[Black "QU, BRIAN:K01-30017435"]
[Result "0-1"]
[ICCResult "White checkmated"]
[WhiteElo "875"]
[BlackElo "1482"]
[Opening "Two knights defense"]
[ECO "C55"]
[NIC "KP.02"]
[Time "11:03:30"]
[PlyCount "112"]
[TimeControl "2400+5"]

1. e4 e5 2. Bc4 Nf6 3. d4 exd4 4. Nf3 Nc6 5. O-O d5 6. exd5 Nxd5 7. Nxd4
Nxd4 8. Qxd4 Be6 9. Re1 c6 10. f4 b6 11. Kh1 Nb4 12. Qe4 Be7 13. Bxe6 fxe6
14. Qxe6 Qd7 15. Qe4 O-O-O 16. a3 Nd5 17. Nc3 Nxc3 18. bxc3 Bf6 19. Bb2 Kb7
20. h3 Rde8 21. Rad1 Qxd1 22. Qxe8 Rxe8 23. Rxd1 Kc7 24. Rd2 Re3 25. Kh2
Bxc3 26. Bxc3 Rxc3 27. Rd3 Rxd3 28. cxd3 Kd6 29. Kg3 Kd5 30. Kf3 Kd4 31.
Ke2 c5 32. Kd2 b5 33. g4 a5 34. h4 b4 35. axb4 axb4 36. Kc2 b3+ 37. Kd2 b2
38. Kc2 b1=Q+ 39. Kxb1 Kxd3 40. g5 Ke4 41. g6 hxg6 42. f5 gxf5 43. h5 f4
44. h6 gxh6 45. Kc1 f3 46. Kd1 c4 47. Kd2 c3+ 48. Kxc3 f2 49. Kd2 f1=Q 50.
Kc2 Qd3+ 51. Kb2 Kd4 52. Ka2 Kc4 53. Kb2 Kb4 54. Ka2 Qd2+ 55. Kb1 Kb3 56.
Ka1 Qb2# { White checkmated } 0-1

[Event "ICC tourney 2601 (40 5)"]
[Site "Internet Chess Club"]
[Date "2021.06.12"]
[Round "1"]
[White "HAO, RYAN:K01-17217725"]
[Black "SU, WINTER:K01-30067922"]
[Result "0-1"]
[ICCResult "White checkmated"]
[WhiteElo "135"]
[BlackElo "912"]
[Opening "Four knights: Spanish variation"]
[ECO "C48"]
[NIC "KP.03"]
[Time "11:03:37"]
[PlyCount "90"]
[TimeControl "2400+5"]

1. e4 e5 2. Nf3 Nc6 3. Nc3 Nf6 4. Bb5 d6 5. Bxc6+ bxc6 6. O-O Be7 7. h3 O-O
8. d3 Bb7 9. Bg5 h6 10. Bh4 Nh5 11. Bxe7 Qxe7 12. Re1 Nf4 13. Ne2 Ng6 14.
Ng3 c5 15. Nf5 Qe6 16. c3 Nf4 17. d4 Bxe4 18. Nxh6+ Qxh6 19. Rxe4 Qg6 20.
Rxf4 exf4 21. dxc5 dxc5 22. Qd2 Qd6 23. Qxd6 cxd6 24. Rd1 Rad8 25. Ng5 Rfe8
26. b4 cxb4 27. cxb4 d5 28. a4 d4 29. Nf3 d3 30. Kh2 Re2 31. b5 Rxf2 32.
Kg1 Ra2 33. Ne5 d2 34. Nf3 Rxa4 35. Nxd2 Rad4 36. Rf1 Rxd2 37. Rxf4 R8d4
38. Rf3 Ra4 39. Re3 Raa2 40. Re8+ Kh7 41. Re3 Rxg2+ 42. Kf1 Raf2+ 43. Ke1
Rh2 44. Ra3 Rb2 45. Ra1 Rh1# { White checkmated } 0-1

[Event "ICC tourney 2601 (40 5)"]
[Site "Internet Chess Club"]
[Date "2021.06.12"]
[Round "1"]
[White "PATEL, RAZA MIKAL:K01-17166561"]
[Black "CHETLAPALLI, VISHNU:K01-30144870"]
[Result "1-0"]
[ICCResult "Black resigns"]
[WhiteElo "595"]
[BlackElo "1069"]
[Opening "Giuoco Pianissimo: Italian four knights variation"]
[ECO "C50"]
[NIC "IG.02"]
[Time "11:03:30"]
[PlyCount "77"]
[TimeControl "2400+5"]

1. e4 e5 2. Nf3 Nc6 3. Bc4 Bc5 4. Nc3 Nf6 5. d3 O-O 6. Bg5 Be7 7. Bxf6 Bxf6
8. Qd2 d6 9. h3 Nd4 10. Nxd4 exd4 11. Nd5 Bg5 12. f4 Bh4+ 13. Ke2 c6 14. g3
cxd5 15. Bxd5 Bxg3 16. Rhg1 Qh4 17. Kf3 Bh2 18. Qxh2 Bxh3 19. Qg3 Qxg3+ 20.
Rxg3 Be6 21. Bb3 a5 22. Rag1 g6 23. f5 Bxb3 24. axb3 Rac8 25. R1g2 b5 26.
f6 a4 27. bxa4 bxa4 28. Rh3 Rb8 29. Rgh2 h5 30. Rg2 d5 31. Rxh5 dxe4+ 32.
dxe4 Rxb2 33. Rh6 Rb6 34. e5 Rc6 35. Rgh2 Rc3+ 36. Ke4 Re3+ 37. Kxd4 Rd8+
38. Kxe3 Rd3+ 39. cxd3 { Black resigns } 1-0

[Event "ICC tourney 2601 (40 5)"]
[Site "Internet Chess Club"]
[Date "2021.06.12"]
[Round "1"]
[White "WENG, JOHNSON:K01-30136161"]
[Black "MA, JULIAN:K01-30017413"]
[Result "1-0"]
[ICCResult "Black checkmated"]
[WhiteElo "736"]
[BlackElo "1236"]
[Opening "Giuoco Piano"]
[ECO "C54"]
[NIC "IG.02"]
[Time "11:03:30"]
[PlyCount "103"]
[TimeControl "2400+5"]

1. e4 e5 2. Nf3 Nc6 3. Bc4 Bc5 4. c3 Nf6 5. d3 O-O 6. O-O d5 7. exd5 Nxd5
8. Re1 Nb6 9. Bb3 Qd6 10. Bg5 Bf5 11. Bc2 Rfe8 12. Qe2 f6 13. Bh4 Rad8 14.
Rd1 Nd5 15. Bg3 Bg4 16. Nbd2 Nf4 17. Bxf4 exf4 18. Qf1 Ne5 19. Nxe5 Bxd1
20. Nec4 Qe7 21. Rxd1 b5 22. Na5 Qe2 23. Nb7 Qxf1+ 24. Kxf1 Rd5 25. Bb3 Re5
26. Nxc5 Kf7 27. Bxd5+ Rxd5 28. d4 b4 29. Nf3 g5 30. c4 Rf5 31. h3 h5 32.
d5 g4 33. Nd4 Rg5 34. h4 Rg6 35. Ke2 Rg8 36. Kd3 f3 37. g3 Ke7 38. Nc6+ Kd6
39. Kd4 Re8 40. Ne4+ Kd7 41. Nxf6+ Kc8 42. Nxe8 Kd7 43. Nf6+ Kc8 44. Re1
Kb7 45. b3 Ka6 46. Nxb4+ Kb7 47. Re7 Kb6 48. Nd7+ Kb7 49. Nc5+ Kb6 50. Nba6
c6 51. Rb7+ Ka5 52. b4# { Black checkmated } 1-0

[Event "ICC tourney 2601 (40 5)"]
[Site "Internet Chess Club"]
[Date "2021.06.12"]
[Round "1"]
[White "AYYAPPAN, SANTHOSH:K01-16959235"]
[Black "SMIRNOV, ALEXANDER:K01-30029349"]
[Result "1-0"]
[ICCResult "Black checkmated"]
[WhiteElo "1641"]
[BlackElo "885"]
[Opening "Petrov: classical attack"]
[ECO "C42"]
[NIC "RG.04"]
[Time "11:24:03"]
[PlyCount "97"]
[TimeControl "2400+5"]

1. e4 e5 2. Nf3 Nf6 3. Nxe5 d6 4. Nf3 Nxe4 5. d4 d5 6. Bd3 Bf5 7. O-O Bd6
8. Re1 O-O 9. c4 c6 10. cxd5 cxd5 11. Be3 Re8 12. Nc3 Nxc3 13. bxc3 Bxd3
14. Qxd3 Qf6 15. Bg5 Rxe1+ 16. Rxe1 Qg6 17. Re8+ Bf8 18. Qxg6 fxg6 19. Bf4
Kf7 20. Rxb8 Rxb8 21. Bxb8 a6 22. Ng5+ Kg8 23. Ne6 Kf7 24. Nf4 g5 25. Nxd5
h6 26. f3 Ke6 27. Ne3 Ba3 28. Nc4 Be7 29. Be5 Bf6 30. Bxf6 gxf6 31. Kf2 Kd5
32. Ne3+ Ke6 33. Ke2 b5 34. d5+ Ke5 35. Kd3 f5 36. d6 Kxd6 37. Nxf5+ Ke5
38. Nxh6 Kf4 39. Nf7 g4 40. fxg4 Kxg4 41. Ke4 Kh5 42. h3 Kh4 43. g4 a5 44.
g5 Kh5 45. Kf5 a4 46. g6 a3 47. g7 b4 48. g8=Q bxc3 49. Qh7# { Black
checkmated } 1-0

[Event "ICC tourney 2601 (40 5)"]
[Site "Internet Chess Club"]
[Date "2021.06.12"]
[Round "1"]
[White "SHANGIN, LEV:K01-17117362"]
[Black "LOKHOV, MICHAEL VINCE:K01-17191193"]
[Result "1-0"]
[ICCResult "Black checkmated"]
[WhiteElo "1044"]
[BlackElo "395"]
[Opening "QGD Slav defense"]
[ECO "D10"]
[NIC "SL.01"]
[Time "11:03:44"]
[PlyCount "89"]
[TimeControl "2400+5"]

1. d4 d5 2. c4 c6 3. Nc3 dxc4 4. a4 Bf5 5. e4 Bg6 6. Bxc4 e6 7. f3 Bb4 8.
Ne2 Nd7 9. Be3 Qc7 10. Qb3 Ba5 11. Qa3 O-O-O 12. b4 Nb6 13. Bb3 Bxb4 14.
Qxb4 f5 15. e5 Ne7 16. Rc1 Ned5 17. Bxd5 Nxd5 18. Nxd5 Rxd5 19. Nf4 Qa5 20.
Nxd5 Qxd5 21. Rb1 b6 22. Rc1 Kc7 23. Qe7+ Qd7 24. Qxd7+ Kxd7 25. O-O h5 26.
Bg5 h4 27. h3 Rh5 28. f4 a5 29. Rf2 b5 30. Ra2 Kc7 31. axb5 Be8 32. bxc6
Rh8 33. Rxa5 Bf7 34. Ra7+ Kb8 35. Rxf7 g6 36. c7+ Kc8 37. Be7 g5 38. Rf8+
Rxf8 39. Bxf8 gxf4 40. Kf2 f3 41. gxf3 f4 42. Kg2 Kb7 43. c8=Q+ Kb6 44.
Rb1+ Ka7 45. Bc5# { Black checkmated } 1-0

[Event "ICC tourney 2601 (40 5)"]
[Site "Internet Chess Club"]
[Date "2021.06.12"]
[Round "1"]
[White "JEHIN, RISHIN:K01-30043660"]
[Black "TENDULKAR, OJAS:K01-16963734"]
[Result "0-1"]
[ICCResult "White checkmated"]
[WhiteElo "786"]
[BlackElo "1421"]
[Opening "Sicilian: Canal-Sokolsky attack, 3...Bd7"]
[ECO "B52"]
[NIC "SI.01"]
[Time "11:03:37"]
[PlyCount "98"]
[TimeControl "2400+5"]

1. e4 c5 2. Nf3 d6 3. Bb5+ Bd7 4. Bxd7+ Qxd7 5. c3 Nc6 6. d4 cxd4 7. cxd4
Nf6 8. Nc3 g6 9. Bg5 Bg7 10. O-O O-O 11. Qd2 Rac8 12. Bh6 Na5 13. Qg5 Nc6
14. e5 Ng4 15. Bxg7 Kxg7 16. d5 Ncxe5 17. Nxe5 Nxe5 18. Ne4 Rc2 19. b3 h6
20. Qg3 Qf5 21. f3 Nd3 22. Nf2 Nxf2 23. Rxf2 Qxd5 24. Rxc2 Qd4+ 25. Qf2
Qxa1+ 26. Qf1 Qxf1+ 27. Kxf1 Kf6 28. Rc7 Rb8 29. Ke2 a5 30. Kd3 b6 31. Kc4
b5+ 32. Kd5 a4 33. bxa4 bxa4 34. Ra7 Rb4 35. a3 Rh4 36. h3 Rh5+ 37. Kc4
Rh4+ 38. Kb5 Ke6 39. Rxa4 Rxa4 40. Kxa4 Kd7 41. Kb5 Kc7 42. Ka6 Kc6 43. a4
d5 44. a5 d4 45. Ka7 Kc7 46. a6 d3 47. Ka8 d2 48. a7 d1=Q 49. f4 Qd8# {
White checkmated } 0-1

[Event "ICC tourney 2601 (40 5)"]
[Site "Internet Chess Club"]
[Date "2021.06.12"]
[Round "1"]
[White "EMERSON COYLE, DELILAH M:K01-16984051"]
[Black "DEBMISRA, ARIV:K01-17314200"]
[Result "0-1"]
[ICCResult "White checkmated"]
[WhiteElo "943"]
[BlackElo "308"]
[Opening "Scandinavian: Marshall variation"]
[ECO "B01"]
[NIC "SD.03"]
[Time "11:05:44"]
[PlyCount "60"]
[TimeControl "2400+5"]

1. e4 d5 2. exd5 Nf6 3. d4 Nxd5 4. Nf3 Nc6 5. Bc4 Nb6 6. Bb3 Bf5 7. O-O e6
8. Bf4 Be7 9. Nc3 O-O 10. Qd2 Bf6 11. Rad1 Bg4 12. Qe3 Bxf3 13. Qxf3 Bxd4
14. Nb5 e5 15. Be3 a6 16. Na3 Qe7 17. Bxd4 exd4 18. Rfe1 Qf6 19. Qe4 a5 20.
Rd3 h6 21. Rf3 Qd6 22. Qg4 Ne5 23. Rxe5 Qxe5 24. h3 Rae8 25. g3 Qe1+ 26.
Kg2 Qc1 27. Qf5 Re1 28. Rf4 Rg1+ 29. Kf3 Qd1+ 30. Ke4 Re1# { White
checkmated } 0-1

[Event "ICC tourney 2601 (40 5)"]
[Site "Internet Chess Club"]
[Date "2021.06.12"]
[Round "1"]
[White "WU, WINSTON:K01-30022609"]
[Black "MERRIMAN, DANN:K01-17079355"]
[Result "1/2-1/2"]
[ICCResult "Game drawn by mutual agreement"]
[WhiteElo "1214"]
[BlackElo "728"]
[Opening "Two knights defense (Modern bishop's opening)"]
[ECO "C55"]
[NIC "IG.01"]
[Time "11:03:34"]
[PlyCount "160"]
[TimeControl "2400+5"]

1. e4 e5 2. Nf3 Nc6 3. Bc4 Nf6 4. d3 h6 5. O-O Bc5 6. c3 d6 7. a4 a5 8.
Nbd2 O-O 9. Re1 Be6 10. Ba2 Qd7 11. Nf1 Ne7 12. Be3 Bxe3 13. Nxe3 c6 14.
Qd2 Ng6 15. Bxe6 fxe6 16. Nc4 Qc7 17. d4 exd4 18. Nxd4 e5 19. Ne6 Qf7 20.
Nxf8 Qxf8 21. Qxd6 Qe8 22. Rad1 Kh8 23. Re2 Nf4 24. Re3 Ng4 25. Rf3 Ne6 26.
Nxe5 Nf6 27. Rg3 Nxe4 28. Qd7 Nxg3 29. hxg3 Nc5 30. Qxe8+ Rxe8 31. Nf3 Nxa4
32. Rd2 Re7 33. Nh4 Kg8 34. Kf1 Kf7 35. Nf5 Rc7 36. c4 Ke6 37. Nd4+ Ke5 38.
f4+ Ke4 39. Nf3 Nb6 40. b3 a4 41. bxa4 Nxa4 42. Kf2 b5 43. g4 c5 44. cxb5
Kxf4 45. Nh2 Nc3 46. g3+ Ke5 47. Nf3+ Ke6 48. Ke3 Nxb5 49. Rc2 Kd6 50. Kd3
Rf7 51. Nh4 Nd4 52. Rc4 g5 53. Ng2 Rf3+ 54. Ke4 Rxg3 55. Ne3 Kc6 56. Rc1
Rf3 57. Nd5 Kd6 58. Rb1 Rg3 59. Rb6+ Nc6 60. Ne3 Rg1 61. Rb2 Kc7 62. Nd5+
Kd7 63. Rd2 Rxg4+ 64. Kf5 Rd4 65. Nf6+ Kc7 66. Rc2 Kb6 67. Rb2+ Ka5 68.
Ra2+ Kb4 69. Rb2+ Ka3 70. Rb1 c4 71. Ne4 Rd3 72. Rc1 Kb3 73. Nc5+ Kb2 74.
Nxd3+ cxd3 75. Rxc6 d2 76. Rb6+ Kc2 77. Rc6+ Kd3 78. Rd6+ Ke2 79. Re6+ Kf1
80. Rxh6 Ke2 { Game drawn by mutual agreement } 1/2-1/2

[Event "ICC tourney 2601 (40 5)"]
[Site "Internet Chess Club"]
[Date "2021.06.12"]
[Round "1"]
[White "YUE, TARIQ:K01-30014129"]
[Black "INDUKURI, SUHAS:K01-16887781"]
[Result "1-0"]
[ICCResult "Black checkmated"]
[WhiteElo "1470"]
[BlackElo "836"]
[Opening "Queen's pawn: Torre attack"]
[ECO "A46"]
[NIC "QP.04"]
[Time "11:03:29"]
[PlyCount "105"]
[TimeControl "2400+5"]

1. Nf3 Nf6 2. d4 e6 3. Bg5 Be7 4. c3 d5 5. Nbd2 h6 6. Bxf6 Bxf6 7. e3 O-O
8. Bd3 Nc6 9. O-O Re8 10. e4 a6 11. e5 Be7 12. Re1 Bf8 13. Nf1 b5 14. a3
Na7 15. Ng3 c5 16. Rc1 Nc6 17. Bb1 g6 18. Qc2 Bg7 19. dxc5 Qc7 20. Qe2 Na5
21. Nd4 Nc4 22. f4 Qxc5 23. h4 h5 24. Kh2 Bh6 25. Rf1 Bb7 26. Rcd1 Qe7 27.
Kh3 Rac8 28. Rd3 Kg7 29. f5 Qc7 30. f6+ Kh7 31. Re1 Bf4 32. Nxh5 Nxe5 33.
Nxf4 Nxd3 34. Nxd3 Rh8 35. Ne5 Kg8 36. Qg4 Rh6 37. Qg5 Rh7 38. Bxg6 fxg6
39. Nxg6 Kf7 40. Ne5+ Qxe5 41. Rxe5 Rg8 42. Qf4 Rgh8 43. g3 Rg8 44. Rg5
Rxg5 45. Qxg5 Bc8 46. Kg2 Bb7 47. Qe5 Bc8 48. Qc7+ Kg6 49. h5+ Kxh5 50.
Qxh7+ Kg5 51. Qg7+ Kh5 52. g4+ Kh4 53. Nf3# { Black checkmated } 1-0

[Event "ICC tourney 2601 (40 5)"]
[Site "Internet Chess Club"]
[Date "2021.06.12"]
[Round "1"]
[White "KASHYAP, MANISHB:K01-16792955"]
[Black "LIN, MICHAEL:K01-17281737"]
[Result "1-0"]
[ICCResult "Black resigns"]
[WhiteElo "1057"]
[BlackElo "520"]
[Opening "Sicilian: accelerated fianchetto, Maróczy bind"]
[ECO "B36"]
[NIC "SI.33"]
[Time "11:03:38"]
[PlyCount "139"]
[TimeControl "2400+5"]

1. e4 c5 2. Nf3 g6 3. d4 cxd4 4. Nxd4 Nc6 5. c4 Nf6 6. f3 Bg7 7. Be3 O-O 8.
Be2 Qb6 9. Qd2 Nxe4 10. fxe4 Bxd4 11. Bxd4 Qxd4 12. Qxd4 Nxd4 13. Bd3 d6
14. Nc3 a6 15. O-O-O Be6 16. b3 Rac8 17. Kb2 Nc6 18. Nd5 Bxd5 19. exd5 Ne5
20. Rhe1 a5 21. a4 Rc5 22. Kc3 Kg7 23. Kd4 Rfc8 24. Kc3 f5 25. Be2 h5 26.
Rd4 Kf6 27. g3 Rg8 28. Rdd1 b6 29. h4 Kf7 30. Bf1 Rg7 31. Re3 Ng4 32. Re6
Ne5 33. Re1 Rc7 34. Bd3 Rc5 35. Re2 Kf8 36. Re1 Kf7 37. Re2 Kf8 38. Re1 Rc7
39. Bc2 Kg8 40. Re2 Kh7 41. Kd4 Kg8 42. Re3 Kf8 43. Re2 Ke8 44. Re3 Kd7 45.
R3xe5 dxe5+ 46. Kxe5 Rc5 47. Rxb6 Kc7 48. Re6 Kd7 49. Kd4 Rc7 50. Ra6 Rf7
51. Rxa5 e6 52. dxe6+ Kxe6 53. Ra6+ Ke7 54. Rxg6 Rd7+ 55. Kc5 Rf6 56. Rg7+
Ke6 57. Rxd7 Kxd7 58. b4 Rc6+ 59. Kd4 Rd6+ 60. Kc3 Rc6 61. Bxf5+ Kc7 62. b5
Rc5 63. Be4 Kb6 64. Bd5 Ka5 65. Kd4 Rc7 66. c5 Kxa4 67. b6 Rc8 68. c6 Kb5
69. b7 Rb8 70. c7 { Black resigns } 1-0

[Event "ICC tourney 2601 (40 5)"]
[Site "Internet Chess Club"]
[Date "2021.06.12"]
[Round "2"]
[White "MERRIMAN, DANN:K01-17079355"]
[Black "MA, JULIAN:K01-30017413"]
[Result "1-0"]
[ICCResult "Black checkmated"]
[WhiteElo "728"]
[BlackElo "1236"]
[Opening "Giuoco Pianissimo: Canal variation"]
[ECO "C50"]
[NIC "IG.02"]
[Time "14:01:16"]
[PlyCount "71"]
[TimeControl "2400+5"]

1. e4 e5 2. Nf3 Nc6 3. Bc4 Bc5 4. d3 d6 5. Bg5 Nf6 6. Nc3 Be6 7. Bb3 h6 8.
Bh4 g5 9. Bg3 Bg4 10. h4 gxh4 11. Bxh4 Nd4 12. Nd5 Nxd5 13. Bxd8 Nf4 14.
Bxf7+ Kxf7 15. Bxc7 Nxg2+ 16. Kf1 Bxf3 17. Qd2 Ne3+ 18. fxe3 Bxh1 19. exd4
Bxd4 20. c3 Bb6 21. Bxb6 axb6 22. Qh2 Bf3 23. Qf2 Ke7 24. Ke1 Rhg8 25. Qxb6
Rab8 26. Qc7+ Ke6 27. Qc4+ d5 28. Qxd5+ Kf6 29. Qd6+ Kg5 30. Qxe5+ Kg4 31.
Qf5+ Kg3 32. Kd2 Bg2 33. Ke3 Rgf8 34. Qg6+ Kh4 35. Qxg2 Rg8 36. Rh1# {
Black checkmated } 1-0

[Event "ICC tourney 2601 (40 5)"]
[Site "Internet Chess Club"]
[Date "2021.06.12"]
[Round "2"]
[White "YU, YANG:K01-30094337"]
[Black "YUE, TARIQ:K01-30014129"]
[Result "0-1"]
[ICCResult "White checkmated"]
[WhiteElo "981"]
[BlackElo "1470"]
[Opening "King's Indian: Four pawns attack"]
[ECO "E76"]
[NIC "KI.31"]
[Time "14:01:14"]
[PlyCount "94"]
[TimeControl "2400+5"]

1. d4 Nf6 2. c4 g6 3. Nc3 Bg7 4. e4 d6 5. f4 O-O 6. Nf3 Bg4 7. e5 dxe5 8.
fxe5 Ne8 9. Be3 Nc6 10. h3 Bxf3 11. gxf3 e6 12. f4 Qh4+ 13. Kd2 Bh6 14. Qf3
Rd8 15. Bf2 Nxd4 16. Bxd4 Rxd4+ 17. Kc2 Bxf4 18. Rd1 Rxd1 19. Kxd1 Ng7 20.
Bd3 Rd8 21. Rg1 Nf5 22. Rg4 Ne3+ 23. Qxe3 Qxg4+ 24. hxg4 Bxe3 25. Ke2 Bd4
26. Be4 Bxe5 27. Bxb7 Rb8 28. Be4 Rxb2+ 29. Kd3 Bxc3 30. Kxc3 Rxa2 31. Bc2
Ra1 32. Bd3 Ra3+ 33. Kd2 Rxd3+ 34. Kxd3 Kf8 35. Kd4 Ke7 36. Kc5 Kd7 37. Kb5
Kd6 38. c5+ Kd5 39. g5 e5 40. c6 e4 41. Ka6 e3 42. Kb7 e2 43. Kxc7 e1=Q 44.
Kb7 Qe7+ 45. c7 Kd6 46. Ka8 Kxc7 47. Kxa7 Qa3# { White checkmated } 0-1

[Event "ICC tourney 2601 (40 5)"]
[Site "Internet Chess Club"]
[Date "2021.06.12"]
[Round "2"]
[White "LOKHOV, MICHAEL VINCE:K01-17191193"]
[Black "JEHIN, RISHIN:K01-30043660"]
[Result "0-1"]
[ICCResult "White checkmated"]
[WhiteElo "395"]
[BlackElo "786"]
[Opening "Vienna gambit"]
[ECO "C29"]
[NIC "VG.03"]
[Time "14:01:18"]
[PlyCount "112"]
[TimeControl "2400+5"]

1. e4 e5 2. Nc3 Nf6 3. f4 d5 4. fxe5 Nxe4 5. Nf3 Nxc3 6. dxc3 Bg4 7. Bg5
Bxf3 8. Bxd8 Bxd1 9. Rxd1 Kxd8 10. Rd2 c6 11. Be2 Nd7 12. c4 Bb4 13. c3 Be7
14. cxd5 cxd5 15. Rxd5 Ke8 16. O-O Bc5+ 17. Kh1 Rd8 18. Rfd1 Ke7 19. h3 Bb6
20. Bb5 Nc5 21. b4 Ne4 22. Rd7+ Rxd7 23. Rxd7+ Ke6 24. Rxb7 Nxc3 25. Bc4+
Kxe5 26. Rxf7 Rc8 27. Bb3 Ne2 28. Rxg7 Rc1+ 29. Kh2 Bc7 30. h4 Kf6+ 31. Kh3
Kxg7 32. Kg4 Rg1 33. Kf3 Nd4+ 34. Kf2 Rc1 35. Bd5 Rc2+ 36. Ke1 Bg3+ 37. Kd1
Bxh4 38. b5 Rb2 39. Kc1 Rxb5 40. Bc4 Rc5 41. Kd2 Rxc4 42. Kd3 Ra4 43. a3
Bf6 44. Ke4 Rxa3 45. g4 a5 46. Kd5 a4 47. Kc4 Rb3 48. Kc5 a3 49. g5 a2 50.
gxf6+ Kxf6 51. Kxd4 a1=Q+ 52. Kc4 Qa4+ 53. Kc5 Rb5+ 54. Kc6 Qa6+ 55. Kc7
Rb7+ 56. Kc8 Qa8# { White checkmated } 0-1

[Event "ICC tourney 2601 (40 5)"]
[Site "Internet Chess Club"]
[Date "2021.06.12"]
[Round "2"]
[White "INDUKURI, SUHAS:K01-16887781"]
[Black "LIN, CARL:K01-17110834"]
[Result "1-0"]
[ICCResult "Black resigns"]
[WhiteElo "836"]
[BlackElo "313"]
[Opening "Giuoco Piano: Anderssen variation"]
[ECO "C54"]
[NIC "IG.02"]
[Time "14:01:17"]
[PlyCount "65"]
[TimeControl "2400+5"]

1. e4 e5 2. Nf3 Nc6 3. Bc4 Bc5 4. c3 Nf6 5. d4 exd4 6. e5 d5 7. Bb5 Ne4 8.
cxd4 Bb4+ 9. Bd2 Bxd2+ 10. Nbxd2 Nxd2 11. Qxd2 Bd7 12. O-O a6 13. Ba4 O-O
14. Rac1 Ne7 15. Bb3 c6 16. h3 Bf5 17. Rfe1 h6 18. Nh4 Bh7 19. f4 Nf5 20.
Nxf5 Bxf5 21. g4 Bd7 22. f5 Re8 23. Rf1 Qg5 24. Qxg5 hxg5 25. Rc2 g6 26. f6
a5 27. Rh2 a4 28. Bc2 Kh7 29. h4 Kh6 30. h5 Bxg4 31. hxg6+ Bh5 32. gxf7 Rf8
33. e6 { Black resigns } 1-0

[Event "ICC tourney 2601 (40 5)"]
[Site "Internet Chess Club"]
[Date "2021.06.12"]
[Round "2"]
[White "CHANG, ANDREW:K01-30098602"]
[Black "HAO, RYAN:K01-17217725"]
[Result "1-0"]
[ICCResult "Black checkmated"]
[WhiteElo "774"]
[BlackElo "135"]
[Opening "Scotch game"]
[ECO "C45"]
[NIC "SO.04"]
[Time "14:03:41"]
[PlyCount "59"]
[TimeControl "2400+5"]

1. e4 e5 2. Nf3 Nc6 3. d4 exd4 4. Nxd4 Nxd4 5. Qxd4 Nf6 6. e5 Nh5 7. g4 c5
8. Qd1 Nf4 9. Bxf4 Be7 10. Nc3 O-O 11. Qd2 h6 12. O-O-O b6 13. Bg2 Rb8 14.
Kb1 Bb7 15. Bxb7 Rxb7 16. Bg3 Bg5 17. f4 Be7 18. h4 b5 19. g5 h5 20. g6
fxg6 21. Qd5+ Kh8 22. Qxb7 b4 23. Nd5 a5 24. Nxe7 Qxe7 25. Rxd7 Qe6 26.
Rxg7 Rf7 27. Rxf7 Kg8 28. Re7 Qf5 29. Rg7+ Kf8 30. Qe7# { Black checkmated
} 1-0